AoeStats
← 5coinz

Migration

510221714Analyzed
1v1 RM · 1d ago on Sep 30, 2026· 26m 11s· 2 players
Game mode
Random Map
Map size
132×132
Population
200
Speed
Normal
Resources
Standard
Victory
Conquest
Starting age
Dark Age
Ending age
Imperial Age
RankedLock teamsTeams togetherTeam positionsShared explorationLock speedFull tech treeHidden civsTurbo modeCheats
Victory
Defeat
🇨🇴 Khmer · Colombia
538
+16
🇧🇬 Bulgarians · Bulgaria
539
-16
oskarturorozco
0:30 Loom
11:56 Feudal Age
12:30 Double-Bit Axe
12:29 Horse Collar
13:36 Gold Mining
16:45 Stone Mining
20:52 Castle Age
23:23 Bow Saw
25:43 Wheelbarrow
5coinz
10:35 Feudal Age
12:07 Wheelbarrow
12:23 Double-Bit Axe
12:23 Horse Collar
19:56 Castle Age
18:10 Forging
20:56 Hand Cart
22:00 Gambesons
Connection lost

Rejoining the realm…

Still unreachable

The connection could not be restored.

Session expired

The server has moved on; the page needs a fresh start.